 Dungeon Crawl Stone Soup version 0.23-a0-539-g3f6f39f (webtiles) character file.

20958 Lanoc the Nimble (level 12, -1/145 HPs)
             Began as a Gnoll Monk on Dec 7, 2018.
             Was a High Priest of Qazlal.
             Succumbed to a queen ant's poison
             ... in a Gauntlet.
             The game lasted 00:41:54 (10032 turns).

Lanoc the Nimble (Gnoll Monk)                      Turns: 10032, Time: 00:41:55

Health: -1/145     AC: 26    Str: 22    XL:     12   Next: 84%
Magic:  23/23      EV:  2    Int: 14    God:    Qazlal [*****.]
Gold:   688        SH:  7    Dex: 18    Spells: 25/26 levels left

rFire    + . .     SeeInvis .   f - +3 quarterstaff (chaos)
rCold    + + +     Gourm    .   (shield currently unavailable)
rNeg     + + +     Faith    .   (armour currently unavailable)
rPois    +         Spirit   .   (helmet currently unavailable)
rElec    +         Reflect  .   (cloak currently unavailable)
rCorr    +         Harm     .   (gloves currently unavailable)
MR       .....     NoTele   +   (boots currently unavailable)
Stlth    +.........             R - amulet of magic regeneration
HPRegen  0.34/turn              P - ring "Geskiasa" {rCorr rC++}
MPRegen  0.43/turn              v - +3 ring of strength

@: lethally poisoned (-1 -> -25), tree-form, resistant, vulnerable, repel
missiles
A: distributed training, strong 1, strong nose
a: Upheaval, Elemental Force, Disaster Area, Renounce Religion


You were in a Gauntlet.
You worshipped Qazlal.
Qazlal was extremely pleased with you.
You were not hungry.
You were a tree.
You visited 3 branches of the dungeon, and saw 15 of its levels.
You also visited: Gauntlet.

You collected 688 gold pieces.

Inventory:

Hand Weapons
 a - a +5 dagger of speed
 b - a +0 vampiric hand axe
 f - a +3 quarterstaff of chaos (weapon)
 o - a +2 hunting sling of flaming
 x - a +2 antimagic scythe
Missiles
 i - 285 arrows
 A - 102 sling bullets
Armour
 g - the +4 leather armour "Epnuop" {rF+ rN+ Int-4 Dex+3}
   (You found it on level 9 of the Dungeon)

   It affects your intelligence (-4).
   It affects your dexterity (+3).
   It protects you from fire.
   It protects you from negative energy.
 r - a scarf of spirit shield (melded)
 N - the +4 ring mail "Ynnyp" (melded) {rCorr Stlth+}
   (You found it on level 9 of the Dungeon)

   It provides partial protection from all sources of acid and corrosion.
   It makes you more stealthy.
Jewellery
 j - an uncursed ring of see invisible
 m - a +4 ring of protection
 v - a +3 ring of strength (right branch)
 P - the ring "Geskiasa" (left branch) {rCorr rC++}
   (You found it on level 9 of the Dungeon)

   [ring of resist corrosion]

   It greatly protects you from cold.
 Q - an uncursed ring of flight
 R - an amulet of magic regeneration (around neck)
Wands
 s - a wand of polymorph (8)
 t - a wand of scattershot (6)
 u - a wand of paralysis (8)
 K - a wand of flame (18)
 L - a wand of enslavement (2)
Scrolls
 e - 4 scrolls of blinking
 h - 5 scrolls of remove curse
 k - a scroll of magic mapping
 p - 2 scrolls of immolation
 q - 4 scrolls of teleportation
 y - 4 scrolls of amnesia
 C - a scroll of summoning
 E - a scroll of brand weapon
 H - 6 scrolls of enchant armour
 J - 2 scrolls of fear
Potions
 w - 2 potions of haste
 B - a potion of magic
 F - 7 potions of brilliance
 I - 2 potions of degeneration
 S - a potion of invisibility
Comestibles
 c - 15 rations


   Skills:
 + Level 10.0 Fighting
 + Level 7.5 Short Blades
 + Level 10.0 Long Blades
 + Level 7.5 Axes
 + Level 7.5 Maces & Flails
 + Level 7.5 Polearms
 + Level 7.5 Staves
 + Level 7.5 Slings
 + Level 7.5 Bows
 + Level 7.5 Crossbows
 + Level 7.5 Throwing
 + Level 7.5 Armour
 + Level 10.0 Dodging
 + Level 8.7 Stealth
 + Level 7.5 Shields
 + Level 7.5 Unarmed Combat
 + Level 7.5 Spellcasting
 + Level 6.2 Conjurations
 + Level 6.2 Hexes
 + Level 6.2 Charms
 + Level 6.2 Summonings
 + Level 6.2 Necromancy
 + Level 6.2 Translocations
 + Level 6.2 Transmutations
 + Level 6.2 Fire Magic
 + Level 6.2 Ice Magic
 + Level 6.2 Air Magic
 + Level 6.2 Earth Magic
 + Level 6.2 Poison Magic
 + Level 8.2 Invocations
 + Level 7.5 Evocations


You had 25 spell levels left.
You knew the following spells:

 Your Spells              Type           Power        Failure   Level  Hunger
a - Summon Butterflies    Summ           ###.....     1%          1    None

Your spell library contained the following spells:

 Spells                   Type           Power        Failure   Level  Hunger
 Apportation              Tloc           ###...       1%          1    None
 Confusing Touch          Hex            ###...       1%          1    None
 Confuse                  Hex            ###.....     3%          3    ##.....
 Gell's Gravitas          Tloc           ###.......   3%          3    ##.....
 Lesser Beckoning         Tloc           ###.......   3%          3    ##.....
 Tukima's Dance           Hex            ###.....     3%          3    ##.....
 Petrify                  Tmut/Erth      ###.....     10%         4    ####...
 Alistair's Intoxication  Tmut/Pois      ###.....     28%         5    #####..
 Metabolic Englaciation   Hex/Ice        ###.......   28%         5    #####..
 Yara's Violent Unravell  Hex/Tmut       ###.......   28%         5    #####..
 Invisibility             Hex            ###.....     83%         6    #######


Dungeon Overview and Level Annotations

Branches:
Dungeon (11/15)            Temple (1/1) D:4            Lair (3/6) D:10
  Swamp (0/4) Lair:2        Snake (0/4) Lair:3          Orc (0/2) D:10

Altars:
Ashenzari
Cheibriados
Dithmenos
Elyvilon
Fedhas
Gozag
Hepliaklqana
Kikubaaqudgha
Makhleb
Nemelex Xobeh
Okawaru
Qazlal
Ru
Sif Muna
Trog
Uskayaw
Vehumet
Wu Jian
Xom
Yredelemnul
Zin
The Shining One

Shops:
D:9 %   D:11 %

Annotations:
D:6 Prince Ribbit Gauntlet 7 transporters, exclusion: lightning spire


Innate Abilities, Weirdness & Mutations

Your experience applies equally to all skills.
((You have very sharp teeth.))
Your uncanny sense of smell can sniff out nearby items.
((You have a pair of small horns on your head.))
((You are partially covered in icy blue scales. (AC +2)))
Your muscles are strong. (Str +2)


Message History

Magic quickly surges around you.
It was a scroll of vulnerability.
* * * LOW HITPOINT WARNING * * *
You feel very sick.
As you read the scroll labeled CYOMOJ EMEFUM, it crumbles to dust.
It is a scroll of enchant weapon.
Your +2 quarterstaff of chaos glows red for a moment.
* * * LOW HITPOINT WARNING * * *
You feel very sick.
You cannot blink because you are held in place by your roots.
* * * LOW HITPOINT WARNING * * *
You feel very sick.
* * * LOW HITPOINT WARNING * * *
You feel very sick.
* * * LOW HITPOINT WARNING * * *
You feel very sick.
* * * LOW HITPOINT WARNING * * *
You feel very sick.
* * * LOW HITPOINT WARNING * * *
You feel very sick.
You die...

#..#..(.©.=..#.#.#h..h.....#
#..#.##...##.#.#.###########
#..#.#.###.#.#.#......©#....
#..#..##.##..#.#########....
#⌠.#..a.©....#..............
#..#..##.##†.#.#########....
#..#.#.###.#.#.#......©#....
#..#.##...##.#.#.###########
#..#......†♣.#.#.#..(.©....#
#..#############.#.##...##.#
#......#©........#.#.###.#.#
#8.....###########..##.##..#
#####............#....©....#
#8...........#..##.##..#
###########..#.#.###.#.#
#..#.##...##.#
#..#.........#


There were no monsters in sight!

Vanquished Creatures
  A hydra (Lair:1)
  A centaur warrior (D:11)
  A queen ant (Gauntlet)
  Nergalle (D:10)
  2 unseen horrors
  2 ugly things
  An oklob plant (D:10)
  A cyclops (D:11)
  Joseph (D:8)
  A gargoyle (D:11)
  A spiny frog (Lair:1)
  3 komodo dragons
  A rime drake (Lair:2)
  A troll (D:10)
  4 blink frogs (Lair:2)
  A bog body (Lair:2)
  A merfolk (D:9)
  A meliai zombie (D:10)
  3 hippogriffs
  3 flying skulls (Gauntlet)
  Sigmund (D:3)
  A shadow (D:11)
  17 yaks
  3 wyverns
  A hungry ghost (D:7)
  2 vampire mosquitoes (D:11)
  A soldier ant (Gauntlet)
  2 wargs (D:10)
  6 water moccasins
  5 porcupines
  4 orc warriors
  A sky beast (shapeshifter) (D:10)
  A black bear (D:8)
  2 phantoms
  2 ice beasts
  7 ogres
  A necrophage (D:9)
  5 wolves (Lair:1)
  8 centaurs
  5 crocodiles
  8 bullfrogs
  A wyvern zombie (D:11)
  2 gnoll sergeants
  2 wyvern skeletons (D:11)
  3 scorpions
  A water moccasin skeleton (D:11)
  13 wights
  A howler monkey (D:11)
  An electric eel (Lair:1)
  4 crimson imps
  A centaur zombie (D:7)
  A bullfrog zombie (D:10)
  3 bullfrog skeletons
  5 hounds
  Crazy Yiuf (D:2)
  4 orc priests
  4 jellies
  A centaur skeleton (D:9)
  Terence (D:2)
  Jessica (D:2)
  4 iguanas
  7 orc wizards
  5 worker ants
  A killer bee zombie (D:10)
  A hound zombie (D:7)
  3 howler monkey zombies
  4 adders
  15 gnolls
  A worker ant zombie (D:10)
  A white imp (D:9)
  2 oozes
  2 adder skeletons
  A worm (D:2)
  A dart slug (D:1)
  5 leopard geckos
  43 orcs
  6 bats
  A giant cockroach (D:2)
  7 goblins
  9 hobgoblins
  14 jackals
  6 quokkas
  A ball python (D:7)
  4 frilled lizards
  3 kobolds
  A kobold (shapeshifter) (D:6)
  A quokka skeleton (D:5)
  4 rats (D:1)
  A plant (D:10)
318 creatures vanquished.

Vanquished Creatures (others)
  A two-headed ogre (D:10)
  A centaur (Lair:2)
  2 plants
4 creatures vanquished.

Grand Total: 322 creatures vanquished

Notes
Turn   | Place    | Note
-------+----------+-------------------------------------------
     0 | D:1      | Lanoc the Gnoll Monk began the quest for the Orb.
     0 | D:1      | Reached XP level 1. HP: 23/23 MP: 1/1
    95 | D:1      | Reached XP level 2. HP: 25/29 MP: 2/2
   279 | D:1      | Reached XP level 3. HP: 35/35 MP: 3/3
   565 | D:2      | Noticed Jessica
   577 | D:2      | Killed Jessica
   577 | D:2      | Reached skill level 1 in Short Blades
   577 | D:2      | Reached skill level 1 in Axes
   577 | D:2      | Reached skill level 1 in Maces & Flails
   577 | D:2      | Reached skill level 1 in Polearms
   577 | D:2      | Reached skill level 1 in Staves
   577 | D:2      | Reached skill level 1 in Slings
   577 | D:2      | Reached skill level 1 in Bows
   577 | D:2      | Reached skill level 1 in Crossbows
   577 | D:2      | Reached skill level 1 in Throwing
   577 | D:2      | Reached skill level 1 in Armour
   577 | D:2      | Reached skill level 1 in Shields
   577 | D:2      | Reached skill level 1 in Unarmed Combat
   577 | D:2      | Reached skill level 1 in Spellcasting
   577 | D:2      | Reached skill level 1 in Invocations
   577 | D:2      | Reached skill level 1 in Evocations
   680 | D:2      | Noticed Terence
   694 | D:2      | Gained mutation: You are clumsy. (Dex -2) [potion of
                  | mutation]
   694 | D:2      | Gained mutation: You are robust. (+10% HP) [potion of
                  | mutation]
   700 | D:2      | Killed Terence
   700 | D:2      | Reached XP level 4. HP: 5/45 MP: 5/5
  1185 | D:2      | Found a runed door.
  1353 | D:2      | Noticed Crazy Yiuf
  1364 | D:2      | Killed Crazy Yiuf
  1364 | D:2      | Reached skill level 1 in Conjurations
  1364 | D:2      | Reached skill level 1 in Hexes
  1364 | D:2      | Reached skill level 1 in Charms
  1364 | D:2      | Reached skill level 1 in Summonings
  1364 | D:2      | Reached skill level 1 in Necromancy
  1364 | D:2      | Reached skill level 1 in Translocations
  1364 | D:2      | Reached skill level 1 in Transmutations
  1364 | D:2      | Reached skill level 1 in Fire Magic
  1364 | D:2      | Reached skill level 1 in Ice Magic
  1364 | D:2      | Reached skill level 1 in Air Magic
  1364 | D:2      | Reached skill level 1 in Earth Magic
  1364 | D:2      | Reached skill level 1 in Poison Magic
  1364 | D:2      | Reached XP level 5. HP: 20/51 MP: 5/6
  1691 | D:3      | Noticed Sigmund
  1702 | D:3      | Killed Sigmund
  1702 | D:3      | Reached XP level 6. HP: 51/58 MP: 8/8
  2062 | D:3      | Found an iron altar of Okawaru.
  2344 | D:4      | Found a staircase to the Ecumenical Temple.
  2355 | Temple   | Entered the Ecumenical Temple
  2610 | Temple   | Became a worshipper of Qazlal Stormbringer
  2610 | Temple   | Reached * piety under Qazlal
  2610 | Temple   | Reached ** piety under Qazlal
  2720 | D:4      | Reached XP level 7. HP: 61/64 MP: 10/10
  3355 | D:5      | Entered Level 5 of the Dungeon
  3429 | D:5      | Reached skill level 5 in Stealth
  3449 | D:5      | Lost mutation: You are robust. (+10% HP) [potion of
                  | mutation]
  3449 | D:5      | Lost mutation: You are clumsy. (Dex -2) [potion of
                  | mutation]
  3449 | D:5      | Gained mutation: You are partially covered in icy blue
                  | scales. (AC +2) [potion of mutation]
  3449 | D:5      | Gained mutation: Your muscles are strong. (Str +2) [potion
                  | of mutation]
  3449 | D:5      | Gained mutation: You have a pair of small horns on your
                  | head. [potion of mutation]
  3461 | D:5      | Killed an unseen horror
  3461 | D:5      | Reached XP level 8. HP: 26/67 MP: 11/13
  4010 | D:6      | Noticed a hippogriff
  4021 | D:6      | Killed a hippogriff
  4021 | D:6      | Reached XP level 9. HP: 57/73 MP: 14/14
  4260 | D:6      | Noticed Prince Ribbit
  4366 | D:6      | Reached *** piety under Qazlal
  4664 | D:7      | Found an opulent altar of Gozag.
  5093 | D:8      | Found a glowing silver altar of Zin.
  5135 | D:8      | Reached skill level 5 in Invocations
  5188 | D:8      | Noticed Joseph
  5206 | D:8      | Killed Joseph
  5206 | D:8      | Reached XP level 10. HP: 74/80 MP: 14/17
  5238 | D:8      | Learned a level 1 spell: Summon Butterflies
  5488 | D:9      | Reached **** piety under Qazlal
  5488 | D:9      | Reached skill level 5 in Short Blades
  5488 | D:9      | Reached skill level 5 in Axes
  5488 | D:9      | Reached skill level 5 in Maces & Flails
  5488 | D:9      | Reached skill level 5 in Polearms
  5488 | D:9      | Reached skill level 5 in Staves
  5488 | D:9      | Reached skill level 5 in Slings
  5488 | D:9      | Reached skill level 5 in Bows
  5488 | D:9      | Reached skill level 5 in Crossbows
  5488 | D:9      | Reached skill level 5 in Throwing
  5488 | D:9      | Reached skill level 5 in Armour
  5488 | D:9      | Reached skill level 5 in Shields
  5488 | D:9      | Reached skill level 5 in Unarmed Combat
  5488 | D:9      | Reached skill level 5 in Spellcasting
  5488 | D:9      | Reached skill level 5 in Evocations
  5501 | D:9      | Got a shimmering leather armour
  5609 | D:9      | Identified the +4 leather armour "Epnuop" {rF+ rN+ Int-4
                  | Dex+3} (You found it on level 9 of the Dungeon)
  5631 | D:9      | Got a distressingly furry ring mail
  5632 | D:9      | Identified the +4 ring mail "Ynnyp" {rCorr Stlth+} (You
                  | found it on level 9 of the Dungeon)
  5864 | D:9      | Got a vibrating glass ring
  5866 | D:9      | Identified the ring "Geskiasa" {rCorr rC++} (You found it
                  | on level 9 of the Dungeon)
  5944 | D:9      | Got a bloodstained robe
  5945 | D:9      | Identified the cursed +0 robe of Tosatz {rF+ rN+ Int-5
                  | Dex+4} (You found it on level 9 of the Dungeon)
  6007 | D:9      | Found Goigiych's Food Emporium.
  6074 | D:10     | Entered Level 10 of the Dungeon
  6118 | D:10     | Noticed Nergalle
  6146 | D:10     | Killed Nergalle
  6288 | D:10     | Noticed a two-headed ogre
  6290 | D:10     | Banished a two-headed ogre
  6290 | D:10     | Reached XP level 11. HP: 73/87 MP: 19/19
  6350 | D:10     | Noticed an oklob plant
  6356 | D:10     | Found a staircase to the Lair.
  6362 | D:10     | Killed an oklob plant
  6395 | D:10     | Reached ***** piety under Qazlal
  6813 | D:10     | Reached skill level 5 in Conjurations
  6813 | D:10     | Reached skill level 5 in Hexes
  6813 | D:10     | Reached skill level 5 in Charms
  6813 | D:10     | Reached skill level 5 in Summonings
  6813 | D:10     | Reached skill level 5 in Necromancy
  6813 | D:10     | Reached skill level 5 in Translocations
  6813 | D:10     | Reached skill level 5 in Transmutations
  6813 | D:10     | Reached skill level 5 in Fire Magic
  6813 | D:10     | Reached skill level 5 in Ice Magic
  6813 | D:10     | Reached skill level 5 in Air Magic
  6813 | D:10     | Reached skill level 5 in Earth Magic
  6813 | D:10     | Reached skill level 5 in Poison Magic
  6874 | D:10     | Found a staircase to the Orcish Mines.
  7134 | D:11     | Noticed a brown ugly thing
  7156 | D:11     | Killed a brown ugly thing
  7231 | D:11     | Found Kalleczady's Food Boutique.
  7549 | D:11     | Noticed a centaur warrior
  7561 | D:11     | Noticed a cyclops
  7614 | D:11     | Killed a centaur warrior
  7681 | D:11     | Killed a cyclops
  7748 | D:11     | Killed an unseen horror
  7768 | D:11     | Noticed a white ugly thing
  7771 | D:11     | Noticed a cyan ugly thing
  7773 | D:11     | Reached XP level 12. HP: 17/96 MP: 22/22
  8069 | Lair:1   | Entered Level 1 of the Lair of Beasts
  8265 | Lair:1   | HP: 4/97 [komodo dragon (9)]
  8279 | Lair:1   | HP: 3/97 [porcupine (2)]
  8485 | Lair:1   | Noticed a seven-headed hydra
  8518 | Lair:1   | Killed a seven-headed hydra
  9512 | Lair:2   | Found a staircase to the Swamp.
  9646 | Lair:2   | You fall through a shaft!
  9660 | Lair:3   | Found a gate leading to a gauntlet.
  9678 | Gauntlet | Entered a Gauntlet
  9678 | Gauntlet | Found a transporter.
  9678 | Gauntlet | Found a transporter.
  9682 | Gauntlet | Found a transporter.
  9683 | Gauntlet | Found a transporter.
  9684 | Gauntlet | Noticed a wretched star
  9688 | Gauntlet | Found a transporter.
  9688 | Gauntlet | Found a transporter.
  9699 | Gauntlet | Found a transporter.
  9699 | Gauntlet | Found a transporter.
  9710 | Gauntlet | Found the +9 staff of Olgreb {rPois}
  9725 | Gauntlet | Found a transporter.
  9725 | Gauntlet | Noticed a queen ant
  9745 | Gauntlet | Found a transporter.
  9943 | Gauntlet | Reached skill level 10 in Fighting
  9943 | Gauntlet | Reached skill level 10 in Long Blades
  9943 | Gauntlet | Reached skill level 10 in Dodging
 10022 | Gauntlet | Killed a queen ant
 10029 | Gauntlet | HP: 6/145 [poisoned by a queen ant]
 10031 | Gauntlet | HP: 1/145 [poisoned by a queen ant]
 10032 | Gauntlet | Succumbed to a queen ant's poison

Vault maps used:
D:1:      psy_arrival_conway
D:2:      first_ration, uniq_jessica, uniq_crazy_yiuf_cottage, uniq_terence
D:3:      okawaru_gym_becter, uniq_sigmund
D:4:      minmay_temple_entry_water_ring
D:6:      grunt_ministairs_12, uniq_prince_ribbit1
D:7:      basic_altar
D:8:      zin_academy, uniq_joseph
D:9:      serial_shops, shop, hangedman_fish_farm, minmay_fire_ice_demons
D:10:     dpeg_oklobed_lair, david_orc_1_choice, uniq_nergalle
D:11:     minmay_the_grid_triangle_9x9_recursive_2_mashed, serial_rivers,
          chequers_serial_rivers_room_b, chequers_serial_rivers_micro_d,
          chequers_serial_rivers_small_b, chequers_serial_rivers_small_a,
          serial_shops, shop, uniq_urug
Temple:   compressed_dpeg_circular_temple
Lair:1:   st_stairs_8, grunt_megastairs_4, serial_bayou_shore_a
Lair:2:   skrybe_swamp_entry_bodies, lemuel_centaur_altar, grunt_megastairs_3
Lair:3:   minmay_snake_entry_guardpost_small, gauntlet_entry_generic
Gauntlet: gammafunk_gauntlet_shortcut

Skill      XL: |  1  2  3  4  5  6  7  8  9 10 11 12 |
---------------+-------------------------------------+-----
Short Blades   | 1 2 3 4 5 6 7 |  7.5
Axes           | 1 2 3 4 5 6 7 |  7.5
Maces & Flails | 1 2 3 4 5 6 7 |  7.5
Polearms       | 1 2 3 4 5 6 7 |  7.5
Staves         | 1 2 3 4 5 6 7 |  7.5
Slings         | 1 2 3 4 5 6 7 |  7.5
Bows           | 1 2 3 4 5 6 7 |  7.5
Crossbows      | 1 2 3 4 5 6 7 |  7.5
Throwing       | 1 2 3 4 5 6 7 |  7.5
Armour         | 1 2 3 4 5 6 7 |  7.5
Shields        | 1 2 3 4 5 6 7 |  7.5
Unarmed Combat | 1 2 3 4 5 6 7 |  7.5
Spellcasting   | 1 2 3 4 5 6 7 |  7.5
Invocations    | 1 2 3 4 5 6 7 8 |  8.2
Evocations     | 1 2 3 4 5 6 7 |  7.5
Conjurations   | 1 2 3 4 5 6 |  6.2
Hexes          | 1 2 3 4 5 6 |  6.2
Charms         | 1 2 3 4 5 6 |  6.2
Summonings     | 1 2 3 4 5 6 |  6.2
Necromancy     | 1 2 3 4 5 6 |  6.2
Translocations | 1 2 3 4 5 6 |  6.2
Transmutations | 1 2 3 4 5 6 |  6.2
Fire Magic     | 1 2 3 4 5 6 |  6.2
Ice Magic      | 1 2 3 4 5 6 |  6.2
Air Magic      | 1 2 3 4 5 6 |  6.2
Earth Magic    | 1 2 3 4 5 6 |  6.2
Poison Magic   | 1 2 3 4 5 6 |  6.2
Fighting       | 7 8 9 10 | 10.0
Long Blades    | 7 8 9 10 | 10.0
Dodging        | 7 8 9 10 | 10.0
Stealth        | 5 6 7 8 |  8.7

Action                   |  1- 3 |  4- 6 |  7- 9 | 10-12 || total
-------------------------+-------+-------+-------+-------++-------
Melee: Falchion          |    54 |       |       |       ||    54
       Bite              |     9 |    17 |    42 |   115 ||   183
       Dagger            |    13 |    32 |       |   298 ||   343
       Quarterstaff      |       |   109 |   262 |   447 ||   818
       Headbutt          |       |       |    51 |   225 ||   276
       Punch             |       |       |       |    21 ||    21
  Use: Potion            |     3 |     2 |     6 |    10 ||    21
       Scroll            |       |       |     4 |    15 ||    19
 Stab: Sleeping          |     8 |     9 |       |       ||    17
       Paralysed         |       |       |     3 |     3 ||     6
       Confused          |       |       |     3 |     1 ||     4
       Petrified         |       |       |       |     5 ||     5
       Petrifying        |       |       |       |     3 ||     3
  Eat: Chunk             |       |     5 |    10 |    15 ||    30
       Ration            |       |       |       |     1 ||     1
Armor: Robe              |     7 |    25 |    59 |    24 ||   115
       Skin              |       |       |    28 |       ||    28
       Ring mail         |       |       |       |   185 ||   185
Dodge: Dodged            |    52 |    87 |   207 |   560 ||   906
       Deflected         |       |       |       |    18 ||    18
Block: Other             |       |       |    27 |   190 ||   217
       Rpst.: Falchion   |    10 |       |       |       ||    10

Table legend:
 A = Non-vault XP
 B = Vault XP
 C = Vault XP percentage of total XP
 D = Non-vault monster count
 E = Vault monster count
 F = Vault count percentage of total count
                 A         B        C        D         E       F
            +---------+---------+-------+---------+---------+-------
      Total |   18746 |   11194 |  37.4 |     272 |      47 |  14.7
            +---------+---------+-------+---------+---------+-------
        D:1 |      39 |       0 |   0.0 |      22 |       0 |   0.0
        D:2 |      16 |     116 |  87.9 |       6 |       3 |  33.3
        D:3 |     179 |     227 |  55.9 |      39 |       1 |   2.5
        D:4 |     182 |       0 |   0.0 |      11 |       0 |   0.0
        D:5 |    1278 |       0 |   0.0 |      14 |       0 |   0.0
        D:6 |     959 |       3 |   0.3 |      23 |       1 |   4.2
        D:7 |    1119 |       0 |   0.0 |      19 |       0 |   0.0
        D:8 |     449 |     439 |  49.4 |      10 |       1 |   9.1
        D:9 |    2751 |     328 |  10.7 |      33 |       3 |   8.3
       D:10 |    2764 |    1861 |  40.2 |      32 |      11 |  25.6
       D:11 |    2756 |    3534 |  56.2 |      25 |      13 |  34.2
     Lair:1 |    3888 |    1396 |  26.4 |      26 |       2 |   7.1
     Lair:2 |    2008 |    1582 |  44.1 |      10 |       7 |  41.2
     Lair:3 |     358 |       0 |   0.0 |       2 |       0 |   0.0
   Gauntlet |       0 |    1708 | 100.0 |       0 |       5 | 100.0
            +---------+---------+-------+---------+---------+-------
